 Dungeon Crawl Stone Soup version 0.26.0-8-g74fc34ddfb (webtiles) character file.

Game seed: 5157444909987812236

20 Froggeryz the Poker (level 2, 0/19 HPs)
             Began as a Tengu Abyssal Knight on Jan 12, 2021.
             Was a Follower of Lugonu.
             Succumbed to an adder's poison
             ... on level 2 of the Dungeon.
             The game lasted 00:00:34 (713 turns).

Froggeryz the Poker (Tengu Abyssal Knight)           Turns: 713, Time: 00:00:34

Health: 0/19       AC:  3    Str: 12    XL:     2   Next: 79%
Magic:  4/4        EV: 11    Int: 12    God:    Lugonu [*.....]
Gold:   68         SH:  0    Dex: 13    Spells: 1/1 levels left

rFire    + . .     SeeInvis .   a - +1 spear
rCold    + . .     Faith    .   (no shield)
rNeg     . . .     Spirit   .   b - +0 leather armour
rPois    +         Reflect  .   (helmet restricted)
rElec    +         Harm     .   (no cloak)
rCorr    +         Rampage  .   (no gloves)
Will     .....                  (boots unavailable)
Stlth    +.........             (no amulet)
HPRegen  0.06/turn              (no ring)
MPRegen  0.09/turn              (no ring)

@: lethally poisoned (0 -> -12), resistant
A: beak, talons 3
a: Renounce Religion, Depart the Abyss


You were on level 2 of the Dungeon.
You worshipped Lugonu.
Lugonu was aware of your devotion.
You visited 1 branch of the dungeon, and saw 2 of its levels.
You visited the Abyss 1 time.

You collected 68 gold pieces.

Inventory:

Hand Weapons
 a - a +1 spear (weapon)
Armour
 b - a +0 leather armour (worn)
Jewellery
 h - a cursed amulet of inaccuracy {unknown}
Scrolls
 d - a scroll of remove curse {unknown}
 e - 2 scrolls of magic mapping {unknown}
 f - 2 scrolls of teleportation {unknown}
 g - a scroll of blinking {unknown}
Potions
 c - a potion of resistance
 i - a potion of degeneration {unknown}


   Skills:
 - Level 3.0 Fighting
 * Level 3.6 Polearms
 - Level 2.1 Armour
 - Level 1.1 Dodging
 - Level 1.5 Invocations


You had one spell level left.
You didn't know any spells.
Your spell library was empty.

Dungeon Overview and Level Annotations

Branches:
Dungeon (2/15)

Altars:


Innate Abilities, Weirdness & Mutations

You have a beak for a mouth.
You have claws for feet.


Message History

You are too injured to fight recklessly!
You are too injured to fight recklessly!
You hit the adder.
The adder is almost dead.
* * * LOW HITPOINT WARNING * * *
You feel sick. The adder bites you but does no damage.
You closely miss the adder.
The adder is almost dead.
* * * LOW HITPOINT WARNING * * *
You feel sick. The adder bites you.
* * * LOW HITPOINT WARNING * * *
The adder misses you.
You hit the adder.
You kill the adder!
Lugonu accepts your kill.
* * * LOW HITPOINT WARNING * * *
You feel sick.
It was a potion of resistance.
You feel protected.
You die... ........... ........... ..
PP..

..†....########. ♣...#
#....#.#.......P
♣♣.P..#
.<#..#.#.......P♣.....#
#.#............PP.P...
#.#....#.........P..#
#.#....#...## #.P..#
#.#........#####@...#
...........##<......#
#.#.#......#(.......#
........#...........#
#.#.####.........#..#
#####.........♣.♣♣..#
#........♣♣..♣♣...
##.#..#.♣♣P♣.P♣♣###
#....#.♣ ♣ .P♣


There were no monsters in sight!

Vanquished Creatures
  An adder (D:2)
  5 kobolds (D:1)
  2 bats (D:1)
  2 frilled lizards
  A goblin (D:1)
  4 rats (D:1)
15 creatures vanquished.

Notes
Turn   | Place    | Note
-------+----------+-------------------------------------------
     0 | Abyss:1  | Froggeryz the Tengu Abyssal Knight began the quest for the
                  | Orb.
     0 | Abyss:1  | Reached XP level 1. HP: 14/14 MP: 3/3
    44 | Abyss:1  | Noticed a neqoxec
    45 | D:1      | Escaped the Abyss
   153 | D:1      | Reached * piety under Lugonu
   257 | D:1      | Reached XP level 2. HP: 19/19 MP: 4/4
   713 | D:2      | Succumbed to an adder's poison

Illustrated notes

Levels and vault maps discovered:
D:1:      dpeg_arrival_concentric_ovals, layout_basic, kennysheep_minor_cross,
          hangedman_decor_push
D:2:      layout_basic, nemelex_altar_shiori, serial_forest,
          infiniplex_forest_clump_curved, infiniplex_forest_end_2,
          infiniplex_forest_straight_5, infiniplex_forest_lined_3,
          infiniplex_forest_clump_double, infiniplex_forest_straight_3,
          infiniplex_forest_lined_3, infiniplex_forest_clump_double,
          infiniplex_forest_clump_long, infiniplex_forest_corner_1

Skill      XL: |  1  2 |
---------------+-------+-----
Polearms       | 3 |  3.6
Fighting       | |  3.0
Armour         | |  2.1
Dodging        | |  1.1
Invocations    | |  1.5

Action                   || total
-------------------------++-------
Melee: Spear             ||    35
       Peck              ||     1
       Kick              ||     2
Invok: Depart the Abyss  ||     1
  Use: Potion            ||     1
Armor: Leather armour    ||     5
Dodge: Dodged            ||     7
